 Dungeon Crawl Stone Soup version 0.29-a0-1016-g236c7fd91e (webtiles) character file.

Game seed: 7073864093282097164

599 drpainis the Covert (level 7, -4/26 (32) HPs)
             Began as a Spriggan Enchanter on Aug 9, 2022.
             Killed by divine providence
             ... invoked by an orc priest
              (11 damage)
             ... on level 5 of the Dungeon.
             The game lasted 00:12:57 (10223 turns).

drpainis the Covert (Spriggan Enchanter)           Turns: 10223, Time: 00:12:57

HP:   -4/26 (32)    AC:  4    Str:  4    XL:     7   Next: 17%
MP:   9/14          EV: 18    Int: 19    God:
Gold: 173           SH:  0    Dex: 15    Spells: 1/14 levels left

rFire   . . .      SeeInvis +   a - +1 dagger
rCold   . . .      Faith    .   (no shield)
rNeg    . . .      Spirit   .   l - +2 robe {Archmagi}
rPois   .          Reflect  .   (helmet restricted)
rElec   .          Harm     .   (no cloak)
rCorr   .          Rampage  .   (gloves unavailable)
Will    +....      Archmagi +   (boots unavailable)
Stlth   ++++......              n - amulet of the acrobat
HPRegen 0.08/turn               (no ring)
MPRegen 0.14/turn               (no ring)

@: heavily drained, very quick
A: very small, no large weapons, unfitting armour, see invisible, speed 3,
devolution 1
a: no special abilities


You were on level 5 of the Dungeon.
You visited 1 branch of the dungeon, and saw 5 of its levels.

You collected 201 gold pieces.
You spent 28 gold pieces at shops.

Inventory:

Hand Weapons
 a - a +1 dagger (weapon)
Armour
 b - a +0 robe
 l - a +2 robe of the Archmagi (worn)
 v - a +2 robe of willpower
 A - the +1 robe "Motho" {Contam +Blink +Inv Str+2}
   (You found it on level 5 of the Dungeon)

   Str:       It affects your strength (+2).
   +Inv:      It lets you turn invisible.
   +Blink:    It lets you blink.
   Contam:    It causes magical contamination when unequipped.
Jewellery
 n - an amulet of the acrobat (around neck)
Wands
 p - a wand of flame (18)
 t - a wand of polymorph (5)
Scrolls
 e - 3 scrolls of enchant armour
 f - 2 scrolls of teleportation
 g - a scroll of vulnerability {unknown}
 j - 3 scrolls of identify
 o - a scroll of enchant weapon {unknown}
 w - a scroll of brand weapon {unknown}
 x - a scroll of fear {unknown}
 y - a scroll of fog {unknown}
Potions
 c - 2 potions of invisibility
 d - a potion of might {unknown}
 h - 2 potions of attraction {unknown}
 i - 2 potions of haste {unknown}
 k - a potion of resistance {unknown}
 m - 3 potions of curing
 q - a potion of heal wounds {unknown}
 r - a potion of lignification {unknown}
 s - a potion of cancellation {unknown}
 u - a potion of ambrosia {unknown}
 z - a potion of flight {unknown}


   Skills:
 + Level 0.9 Fighting
 + Level 2.8 Short Blades
 + Level 4.4 Dodging
 + Level 8.7 Stealth
 + Level 4.2 Spellcasting
 + Level 4.9 Hexes
 + Level 0.2 Translocations
 + Level 1.3 Ice Magic


You had one spell level left.
You knew the following spells:

 Your Spells              Type           Power      Damage    Failure   Level
a - Ensorcelled Hibernat  Hex/Ice        48%        N/A       5%          2
b - Confusing Touch       Hex            34%        N/A       5%          3
c - Tukima's Dance        Hex            34%        N/A       5%          3
d - Blink                 Tloc           14%        N/A       19%         2
e - Dazzling Flash        Conj/Hex       40%        N/A       14%         3

Your spell library contained the following spells:

 Spells                   Type           Power      Damage    Failure   Level
 Magic Dart               Conj           20%        1d4       14%         1
 Shock                    Conj/Air       20%        1d4       14%         1
 Call Imp                 Summ           5%         N/A       21%         2
 Mephitic Cloud           Conj/Pois/Air  5%         N/A       38%         3
 Swiftness                Air            5%         N/A       38%         3
 Airstrike                Air            2%         2d(1-17)  80%         4
 Manifold Assault         Tloc           7%         N/A       98%         5
 Storm Form               Tmut/Air       2%         N/A       100%        7


Dungeon Overview and Level Annotations

Branches:
Dungeon (5/15)
 Temple: D:4-7

Altars:

Shops:
D:2 (:   D:3 (   D:4 ?


Innate Abilities, Weirdness & Mutations

You are very small and have problems with some larger weapons.
You are too small for most types of armour.
You have supernaturally acute eyesight. (SInv)
You cover ground extremely quickly. (Speed+++)
You have hidden genetic defects.


Message History

An orc and an orc priest come into view.
The orc is wielding a +2 vorpal hand axe.
The orc priest shouts!
The orc shouts!
You hear a shout!
There are monsters nearby!
Casting: Confusing Touch (quite dangerous; 5% risk of failure)
Confirm with . or Enter, or press ? or * to list all spells.
Aiming: Ensorcelled Hibernation (safe; 5% risk of failure)
Press: ? - help, Shift-Dir - straight line, f - orc
Aim: an orc, wielding a +2 vorpal hand axe (chance to affect: 72%)
You feel a surge of power!
You miscast Ensorcelled Hibernation.
You are very lightly contaminated with residual magic.
Nothing appears to happen.
The orc priest calls down the wrath of Beogh upon you.
Beogh smites you!
Casting: Ensorcelled Hibernation (safe; 5% risk of failure)
Confirm with . or Enter, or press ? or * to list all spells.
Aiming: Ensorcelled Hibernation (safe; 5% risk of failure)
Press: ? - help, Shift-Dir - straight line, f/p - orc
Aim: an orc, wielding a +2 vorpal hand axe (chance to affect: 72%)
You feel a surge of power!
The orc struggles to resist.
The orc hits you with a +2 vorpal hand axe!
* * * LOW HITPOINT WARNING * * *
x2 Your magical contamination has completely faded away.
Casting: Ensorcelled Hibernation (safe; 5% risk of failure)
Confirm with . or Enter, or press ? or * to list all spells.
Aiming: Ensorcelled Hibernation (safe; 5% risk of failure)
Press: ? - help, Shift-Dir - straight line, f/p - orc
Aim: an orc, wielding a +2 vorpal hand axe (chance to affect: 72%)
You feel a surge of power!
The orc looks drowsy...
The orc priest shouts!
Casting: Ensorcelled Hibernation (safe; 5% risk of failure)
Confirm with . or Enter, or press ? or * to list all spells.
Aiming: Ensorcelled Hibernation (safe; 5% risk of failure)
Press: ? - help, Shift-Dir - straight line, f - orc priest
Aim: an orc priest, wielding a +0 flail and wearing a +0 leather armour (chance to affect: 55%)
You feel a surge of power!
The orc priest resists with significant effort.
The orc priest invokes the aid of Beogh against you.
Beogh smites you!
You die...

#........(...#.......##....
#............######..####..
.................o.o.......
.####.......############.#.
#......o##.(.......#.#.
#.......##.##.#....#.#.
######.#....#.######.##
#.#.#..#.# ... #@#.#....#
##. #.#.#.#### . #.#.#.#
#.#.#.# #.#<#.# #.###.#
#.....# #######


You could see an orc priest.

Vanquished Creatures
  Sigmund (D:2)
  An ice beast (D:5)
  A phantom (D:4)
  A jelly (D:5)
  A hound (D:4)
  Ijyb (D:3)
  6 adders
  A shadow imp (D:5)
  2 ufetubi (D:5)
  2 worms
  A dart slug (D:1)
  13 orcs
  7 ball pythons
  6 bats
  10 endoplasms
  A giant cockroach (D:1)
  9 goblins
  6 hobgoblins
  11 jackals
  5 quokkas
  4 frilled lizards
  6 kobolds
  3 rats
99 creatures vanquished.

Vanquished Creatures (others)
  38 plants (D:5)
38 creatures vanquished.

Grand Total: 137 creatures vanquished

Notes
Turn   | Place    | Note
-------+----------+-------------------------------------------
     0 | D:1      | drpainis the Spriggan Enchanter began the quest for the
                  | Orb.
     0 | D:1      | Reached XP level 1. HP: 9/9 MP: 5/5
   265 | D:1      | Noticed an eye of devastation
   275 | D:1      | Reached XP level 2. HP: 10/13 MP: 6/6
   341 | D:1      | Noticed a shining eye
   343 | D:1      | Found a faded altar of an unknown god.
   344 | D:1      | Noticed a great orb of eyes
   344 | D:1      | Noticed a floating eye
   728 | D:1      | Reached skill level 5 in Stealth
  1307 | D:2      | Found Gegoothra's Weapon Shop.
  1758 | D:1      | Learned a level 2 spell: Ensorcelled Hibernation
  1764 | D:2      | Reached XP level 3. HP: 15/16 MP: 2/8
  1968 | D:2      | Noticed Sigmund
  1980 | D:2      | Killed Sigmund
  1981 | D:2      | Reached skill level 7 in Stealth
  1981 | D:2      | Reached XP level 4. HP: 11/21 MP: 3/9
  1981 | D:2      | Reached XP level 5. HP: 14/25 MP: 3/10
  2384 | D:2      | Found Heihoc's Book Boutique.
  3242 | D:3      | Learned a level 3 spell: Confusing Touch
  3246 | D:3      | Learned a level 3 spell: Tukima's Dance
  3327 | D:3      | Found Zenog's Antique Weapon Boutique.
  4207 | D:3      | Learned a level 2 spell: Blink
  4645 | D:3      | Noticed Ijyb
  4680 | D:3      | Killed Ijyb
  4681 | D:3      | Reached XP level 6. HP: 24/29 MP: 7/12
  6077 | D:4      | Reached skill level 8 in Stealth
  6077 | D:4      | Reached skill level 1 in Ice Magic
  6970 | D:4      | Found Ocibin Hioc's Magic Scroll Boutique.
  6978 | D:4      | Bought a scroll of identify for 28 gold pieces
  7708 | D:5      | Entered Level 5 of the Dungeon
  7874 | D:5      | Noticed an ice beast
  7887 | D:5      | Killed an ice beast
  7888 | D:5      | Reached XP level 7. HP: 9/32 MP: 10/14
  8119 | D:5      | Learned a level 3 spell: Dazzling Flash
  8363 | D:5      | Identified the +1 robe "Motho" {Contam +Blink +Inv Str+2}
  9305 | D:5      | Gained mutation: You have hidden genetic defects.
                  | [mutagenic glow]
 10223 | D:5      | Killed from afar by an orc priest

Illustrated notes

Levels and vault maps discovered:
D:1:      mainiacjoe_arrival_reflecting_pool, layout_loops_ring,
          hellmonk_ecumenical_altar_watching_god
D:2:      minmay_chambers_of_twos, layout_basic, serial_shops,
          nicolae_square_shop, nicolae_shop_bloodbath_and_beyond, uniq_sigmund
D:3:      layout_loops_cross, serial_shops, shop, uniq_ijyb
D:4:      layout_basic, serial_shops,
          nicolae_shop_temple_entry_statues_fountains
D:5:      layout_basic, serial_bayou, serial_bayou_pond_c,
          serial_bayou_lagoon_a, serial_bayou_shore_b, serial_bayou_crossing,
          serial_bayou_pond_b, chequers_serial_rivers_micro_b,
          grunt_decor_fettered, uniq_blork_the_orc

Skill      XL: |  1  2  3  4  5  6 |
---------------+-------------------+-----
Hexes          | 4 |  4.9
Stealth        | 5 7 8 |  8.7
Dodging        | 3 4 |  4.4
Short Blades   | 2 |  2.8
Spellcasting   | 3 4 |  4.2
Ice Magic      | 1 |  1.3
Fighting       | |  0.9
Translocations | |  0.2

Action                   |  1- 3 |  4- 6 |  7- 9 || total
-------------------------+-------+-------+-------++-------
Melee: Dagger            |    73 |   176 |    46 ||   295
       Punch             |       |     1 |     1 ||     2
 Cast: Ensorcelled Hiber |     5 |    42 |    10 ||    57
       Confusing Touch   |       |     5 |     4 ||     9
       Blink             |       |     2 |     1 ||     3
  Use: Scroll            |       |     2 |       ||     2
       Potion            |       |     1 |       ||     1
 Stab: Sleeping          |    12 |    46 |     4 ||    62
       Confused          |       |     8 |     3 ||    11
Armor: Robe              |    10 |    30 |     7 ||    47
       Skin              |       |     1 |       ||     1
Dodge: Dodged            |    47 |   144 |    63 ||   254

Table legend: (Time is in decaauts)
 A = Elapsed time spent in this place.
 B = Non-inter-level travel time spent in this place.
 C = Inter-level travel time spent in this place.
 D = Time resting spent in this place.
 E = Time spent auto-exploring this place.
 F = Levels seen in this place.
 G = Mean time per level.
                   A        B        C        D        E       F      G
               +--------+--------+--------+--------+--------+-----+--------+
         Total |   8659 |   8556 |    103 |   5398 |   1989 |   5 | 1731.8 |
       Dungeon |   8659 |   8556 |    103 |   5398 |   1989 |   5 | 1731.8 |
               +--------+--------+--------+--------+--------+-----+--------+

Top non-repeatable levels by time:
     D:4: 2697 daAuts
     D:3: 1693 daAuts
     D:2: 1685 daAuts
     D:5: 1635 daAuts
     D:1: 946 daAuts
